 Dungeon Crawl Stone Soup version 0.19.0 (webtiles) character file.

15827 TheGoonsmith the Cleaver (level 12, -1/92 HPs)
             Began as a Formicid Fighter on Nov 14, 2016.
             Was a High Priest of Okawaru.
             Slain by a komodo dragon (2 damage)
             ... on level 2 of the Lair of Beasts.
             The game lasted 00:22:18 (14997 turns).

TheGoonsmith the Cleaver (Formicid Fighter)        Turns: 14997, Time: 00:22:18

Health: -1/92      AC: 16    Str: 24    XL:     12   Next: 62%
Magic:  12/12      EV: 11    Int: 10    God:    Okawaru [*****.]
Gold:   824        SH: 12    Dex: 14    Spells: 2 memorised, 7 levels left

rFire  + . .     SeeInvis +     z - +5 broad axe of Premature Burial {pain, rPois Int+2 Dex+2}
rCold  . . .     Gourm    .     S - +1 chain mail {rF+}
rNeg   . . .     Faith    .     c - +0 shield
rPois  +         Spirit   .     (helmet unavailable)
rElec  .         Reflect  .     B - +1 cloak
rCorr  .         Harm     .     w - +1 pair of gloves
MR     ++...                    (no boots)
Stlth  ..........               (no amulet)
                                (no ring)
                                N - ring of protection from magic (curse)

@: no status effects
A: permanent stasis, dig shafts and tunnels, four strong arms, antennae 3
a: Dig, Shaft Self, Heroism, Finesse, Renounce Religion


You were on level 2 of the Lair of Beasts.
You worshipped Okawaru.
Okawaru was extremely pleased with you.
You were not hungry.

You visited 2 branches of the dungeon, and saw 13 of its levels.
You also visited: Volcano.

You collected 824 gold pieces.

Inventory:

Hand Weapons
 z - the +5 broad axe of Premature Burial (weapon) {pain, rPois Int+2 Dex+2}
   (Okawaru gifted it to you on level 10 of the Dungeon)

   In the hands of one skilled in necromantic magic, it inflicts extra damage on
   living creatures.
   It affects your intelligence (+2).
   It affects your dexterity (+2).
   It protects you from poison.
 J - the cursed +0 flail of Crusades {freeze, *Noise +Fly rElec rC+}
   (You found it on level 11 of the Dungeon)

   It has been specially enchanted to freeze those struck by it, causing extra
   injury to most foes and up to half again as much damage against particularly
   susceptible opponents.
   It can also slow down cold-blooded creatures.
   It protects you from cold.
   It insulates you from electricity.
   It lets you fly.
   It may make noises in combat.
   It has a curse placed upon it.
Missiles
 M - a throwing net (quivered)
Armour
 c - a +0 shield (worn)
 w - a +1 pair of gloves (worn)
 B - a +1 cloak (worn)
 S - a +1 chain mail of fire resistance (worn)
Jewellery
 K - an uncursed ring of protection from cold
 N - a cursed ring of protection from magic (left hand)
Wands
 u - a wand of digging (4/24)
 y - a wand of flame (15/48)
 C - a wand of random effects (31/48)
 F - a wand of lightning (12/15)
 T - a wand of slowing (24/48)
 V - a wand of random effects (8/48)
 Y - a wand of lightning (7/15)
 Z - a wand of flame (34/48)
Scrolls
 h - 5 scrolls of enchant weapon
 r - 7 scrolls of identify
 s - 5 scrolls of remove curse
 G - a scroll of recharging
 Q - a scroll of fear
 U - a scroll of enchant armour
Potions
 d - 2 potions of might
 g - 2 potions of resistance
 l - 3 potions of ambrosia
 n - 3 potions of berserk rage {unknown}
 q - 4 potions of curing
 t - a potion of flight
 x - 2 potions of cancellation
 A - 2 potions of agility
 O - 2 potions of mutation {unknown}
 R - a potion of invisibility {unknown}
 W - a potion of brilliance {unknown}
 X - a potion of cure mutation {unknown}
Comestibles
 f - 7 bread rations
 j - 4 beef jerkies


   Skills:
 - Level 8.0 Fighting
 + Level 14.9 Axes
 - Level 6.7 Armour
 - Level 5.0 Dodging
 - Level 9.1 Shields


You had 7 spell levels left.
You knew the following spells:

 Your Spells              Type           Power        Failure   Level  Hunger
a - Repel Missiles        Chrm/Air       #.....       100%        2    ###....
b - Swiftness             Chrm/Air       #.......     100%        2    ###....


Dungeon Overview and Level Annotations

Branches:
Dungeon (11/15)            Temple (0/1) D:7            Lair (2/6) D:8
    Orc (0/2) D:11
  Swamp: Lair:2-4    Shoals: Lair:2-4     Snake: Lair:2-4    Spider: Lair:2-4

Altars:
Cheibriados
Dithmenos
Fedhas
Okawaru
Qazlal
Trog
Xom
The Shining One

Shops:
D:4 :}

Annotations:
D:6 2 runed doors


Innate Abilities, Weirdness & Mutations

You are under a permanent stasis effect.
You can dig through walls and to a lower floor.
Your four strong arms can wield two-handed weapons with a shield.
You have a pair of large antennae on your head. (SInv)


Message History

You hit the komodo dragon.
The komodo dragon is severely wounded.
The komodo dragon bites you but does no damage.
Your chain mail prevents you from hitting the komodo dragon.
The komodo dragon is severely wounded.
You slash the komodo dragon!
The komodo dragon is almost dead.
You block the komodo dragon's attack.
You hit the komodo dragon but do no damage.
The komodo dragon is almost dead.
The komodo dragon misses you.
You closely miss the komodo dragon.
The komodo dragon is almost dead.
The komodo dragon bites you!!
* * * LOW HITPOINT WARNING * * *
Okay, then.
You hit the komodo dragon.
The komodo dragon is almost dead.
The komodo dragon bites you.
You die...

........#
##....#
.........#
#P....#
........##
#.....##
........#
##.....#
........#
#.....#.#
##P....###
#........#
###....###
#@....#
.......l...P#
..##.......##
##......#
#......#
#......#
#......#
........


You could see a komodo dragon.

Vanquished Creatures
  2 skeletal warriors (Volcano)
  2 unseen horrors
  A hill giant (D:10)
  An ugly thing (D:6)
  A cyclops (D:11)
  A centaur zombie (D:10)
  Joseph (D:7)
  A black mamba (Lair:1)
  3 gargoyles (Volcano)
  3 spiny frogs
  2 komodo dragons
  A two-headed ogre (D:8)
  A troll (D:10)
  A hornet (D:9)
  Prince Ribbit (D:7)
  2 alligator skeletons (Volcano)
  3 flying skulls (Volcano)
  3 wyverns
  4 yaks (Lair:1)
  Menkaure (D:7)
  A water moccasin (Lair:1)
  A porcupine (Lair:1)
  2 ice beasts
  A sky beast (D:6)
  5 orc warriors
  4 phantoms
  8 ogres
  A black bear (D:10)
  An eye of draining (D:9)
  2 centaurs
  2 crocodiles
  12 bullfrogs
  6 big kobolds
  5 scorpions
  12 killer bees
  A spriggan skeleton (Volcano)
  3 wights (D:8)
  5 howler monkeys
  2 troll skeletons (Volcano)
  6 crimson imps
  3 lava snakes (D:8)
  2 quasits
  2 hounds
  4 jellies
  Crazy Yiuf (D:5)
  5 orc priests
  2 bullfrog skeletons
  10 orc wizards
  2 centaur skeletons
  Terence (D:2)
  2 iguanas
  12 worker ants
  A hound zombie (D:7)
  2 hound skeletons
  A howler monkey zombie (D:7)
  3 gnolls (D:10)
  15 adders
  3 shadow imps
  2 oozes
  An adder zombie (D:5)
  An adder skeleton (D:4)
  4 worms
  3 dart slugs
  9 leopard geckos
  32 orcs
  A ball python (D:2)
  2 giant cockroaches
  6 goblins
  5 hobgoblins
  10 jackals
  7 quokkas
  5 bats
  5 frilled lizards
  29 kobolds
  2 quokka zombies
  4 rats
  A fungus (Lair:1)
  A plant (D:8)
316 creatures vanquished.

Vanquished Creatures (others)
  2 hounds (D:4)
  2 worker ants (D:4)
  A worm (D:4)
  A quokka (D:4)
  2 plants (D:8)
8 creatures vanquished.

Grand Total: 324 creatures vanquished

Notes
Turn   | Place    | Note
-------+----------+-------------------------------------------
     0 | D:1      | TheGoonsmith the Formicid Fighter began the quest for the Orb.
     0 | D:1      | Reached XP level 1. HP: 18/18 MP: 1/1
   245 | D:1      | Reached XP level 2. HP: 24/24 MP: 2/2
   421 | D:1      | Reached XP level 3. HP: 30/30 MP: 3/3
  1200 | D:2      | Reached XP level 4. HP: 37/37 MP: 4/4
  1237 | D:2      | Noticed Terence
  1260 | D:2      | Killed Terence
  1260 | D:2      | Reached skill level 3 in Axes
  1420 | D:2      | Found a snail-covered altar of Cheibriados.
  1746 | D:2      | Reached XP level 5. HP: 42/43 MP: 5/5
  2500 | D:3      | Found an iron altar of Okawaru.
  2503 | D:3      | Reached XP level 6. HP: 45/50 MP: 6/6
  2510 | D:3      | Became a worshipper of Warmaster Okawaru
  2637 | D:4      | Reached skill level 4 in Axes
  2664 | D:4      | Reached skill level 5 in Fighting
  2858 | D:4      | Noticed an ogre
  2867 | D:4      | Killed an ogre
  2867 | D:4      | Reached skill level 5 in Shields
  3186 | D:4      | Noticed a phantom
  3206 | D:4      | Killed a phantom
  3206 | D:4      | Reached skill level 5 in Axes
  3206 | D:4      | Reached XP level 7. HP: 54/56 MP: 7/7
  3261 | D:4      | Found Peaq's Gadget Boutique.
  3265 | D:4      | Found a shimmering altar of Xom.
  3537 | D:4      | Found Dedaib's Book Shoppe.
  3688 | D:4      | Reached * piety under Okawaru
  3859 | D:5      | Entered Level 5 of the Dungeon
  3872 | D:5      | Reached skill level 6 in Axes
  3890 | D:5      | Reached XP level 8. HP: 54/64 MP: 8/8
  4551 | D:5      | Found a runed door.
  4747 | D:5      | Noticed Crazy Yiuf
  4752 | D:5      | Killed Crazy Yiuf
  4852 | D:6      | Reached skill level 7 in Axes
  4949 | D:6      | Reached ** piety under Okawaru
  5244 | D:6      | Found a large runed door.
  5244 | D:6      | Found a large runed door.
  5280 | D:6      | Found a large runed door.
  5281 | D:6      | Found a large runed door.
  5290 | D:6      | Reached skill level 8 in Axes
  5290 | D:6      | Reached XP level 9. HP: 55/69 MP: 9/9
  5820 | D:6      | Reached skill level 9 in Axes
  5927 | D:6      | Noticed an unseen horror
  5927 | D:6      | Noticed a purple ugly thing
  5945 | D:6      | Killed a purple ugly thing
  5945 | D:6      | Reached *** piety under Okawaru
  5948 | D:6      | Killed an unseen horror
  5948 | D:6      | Reached skill level 10 in Axes
  5948 | D:6      | Reached XP level 10. HP: 38/76 MP: 8/10
  6227 | D:7      | Noticed Prince Ribbit
  6657 | D:7      | Reached **** piety under Okawaru
  6681 | D:7      | Found a staircase to the Ecumenical Temple.
  6742 | D:7      | Reached skill level 11 in Axes
  6750 | D:7      | Noticed Joseph
  6777 | D:7      | HP: 2/77 [Joseph/uncursed quarterstaff of crushing (12)]
  6779 | D:7      | Killed Joseph
  6938 | D:7      | Killed Prince Ribbit
  7430 | D:7      | Noticed Menkaure
  7434 | D:7      | Killed Menkaure
  8029 | D:8      | Got a bloodstained war axe
  8030 | D:8      | Identified the cursed +1 war axe of Fatigue {flame, *Drain rElec rN+++ Dex+4} (You found it on level 8 of the Dungeon)
  8100 | D:8      | Noticed a komodo dragon
  8101 | D:8      | Found a staircase to the Lair.
  8122 | D:8      | Killed a komodo dragon
  8122 | D:8      | Reached ***** piety under Okawaru
  8261 | D:8      | Reached skill level 12 in Axes
  8591 | D:8      | Found a blossoming altar of Fedhas.
  8630 | D:8      | Reached XP level 11. HP: 86/86 MP: 11/11
  8796 | D:8      | Found a stormy altar of Qazlal.
  8964 | D:9      | Reached skill level 5 in Armour
  9299 | D:9      | Found a shadowy altar of Dithmenos.
  9728 | D:9      | Reached skill level 1 in Dodging
  9737 | D:9      | Found a bloodstained altar of Trog.
 10033 | D:9      | Found a glowing golden altar of the Shining One.
 10034 | D:9      | Found a shimmering altar of Xom.
 10039 | D:9      | Found an iron altar of Okawaru.
 10092 | D:10     | Entered Level 10 of the Dungeon
 10473 | D:10     | Noticed a hill giant
 10505 | D:10     | HP: 4/86 [hill giant/giant club (27)]
 10765 | D:10     | Killed a hill giant
 10957 | D:10     | Received a gift from Okawaru
 10960 | D:10     | Got a bloodstained broad axe {god gift}
 10961 | D:10     | Identified the +5 broad axe of Premature Burial {pain, rPois Int+2 Dex+2} (Okawaru gifted it to you on level 10 of the Dungeon)
 10983 | D:10     | Reached skill level 5 in Dodging
 11503 | D:11     | Noticed an unseen horror
 11518 | D:11     | Killed an unseen horror
 11534 | D:11     | Got an ichor-stained flail
 11535 | D:11     | Identified the cursed +0 flail of Crusades {freeze, *Noise +Fly rElec rC+} (You found it on level 11 of the Dungeon)
 11667 | D:11     | Noticed a cyclops
 11676 | D:11     | Killed a cyclops
 11964 | D:11     | Found a staircase to the Orcish Mines.
 12485 | Lair:1   | Entered Level 1 of the Lair of Beasts
 12526 | Lair:1   | Reached skill level 13 in Axes
 12533 | Lair:1   | Reached XP level 12. HP: 61/92 MP: 12/12
 12558 | Lair:1   | Found a dark tunnel.
 12643 | Volcano  | Entered a volcano
 12962 | Volcano  | Reached skill level 14 in Axes
 13310 | Volcano  | Noticed a skeletal warrior
 13324 | Volcano  | Killed a skeletal warrior
 13508 | Volcano  | Noticed a skeletal warrior
 13519 | Volcano  | Killed a skeletal warrior
 13919 | Lair:1   | Reached ****** piety under Okawaru
 14117 | Lair:1   | Received a gift from Okawaru
 14911 | Lair:1   | Learned a level 2 spell: Repel Missiles
 14914 | Lair:1   | Learned a level 2 spell: Swiftness
 14996 | Lair:2   | HP: 1/92 [komodo dragon (21)]
 14997 | Lair:2   | Slain by a komodo dragon

Skill      XL: |  1  2  3  4  5  6  7  8  9 10 11 12 |
---------------+-------------------------------------+-----
Shields        | 4 5 7 9 |  9.1
Fighting       | 4 5 6 8 |  8.0
Axes           | 3 5 6 8 10 12 13 14 | 14.9
Armour         | 4 6 |  6.7
Dodging        | 5 |  5.0

Action                   |  1- 3 |  4- 6 |  7- 9 | 10-12 || total
-------------------------+-------+-------+-------+-------++-------
Melee: War axe           |    97 |   214 |   276 |   457 ||  1044
       Hand axe          |     4 |     4 |       |       ||     8
       Broad axe         |       |       |       |   263 ||   263
Invok: Heroism           |       |       |     2 |     6 ||     8
  Use: Scroll            |       |     8 |     9 |    10 ||    27
       Potion            |       |       |     2 |     3 ||     5
  Eat: Chunk             |     1 |     6 |    10 |    24 ||    41
       Meat ration       |       |       |       |     1 ||     1
       Royal jelly       |       |       |       |     1 ||     1
Armor: Scale mail        |    43 |     4 |       |       ||    47
       Chain mail        |       |   107 |   108 |   190 ||   405
Dodge: Dodged            |    32 |    53 |    72 |   186 ||   343
Block: Shield            |    51 |   143 |   137 |   382 ||   713
